 Dungeon Crawl Stone Soup version 0.25-a0-191-ga656ec4 (webtiles) character file.

Game seed: 9174754582780470343, levelgen mode: deterministic

86 Minkie the Skirmisher (level 4, 0/29 HPs)
             Began as a Gargoyle Fighter on Dec 2, 2019.
             Slain by Sigmund
             ... wielding a +0 scythe
              (7 damage)
             ... on level 2 of the Dungeon.
             The game lasted 00:05:44 (1196 turns).

Minkie the Skirmisher (Gargoyle Fighter)            Turns: 1196, Time: 00:05:45

Health: 0/29       AC: 11    Str: 19      XL:     4   Next: 50%
Magic:  4/4        EV:  7    Int: 10      God:
Gold:   58         SH:  9    Dex:  8 (9)  Spells: 3/3 levels left

rFire    . . .     SeeInvis .   a - +0 flail
rCold    . . .     Gourm    .   c - +0 shield
rNeg     + . .     Faith    .   b - +0 scale mail
rPois    ∞         Spirit   .   m - +0 helmet
rElec    +         Reflect  .   (no cloak)
rCorr    .         Harm     .   (no gloves)
MR       .....                  (no boots)
Stlth    ..........             (no amulet)
HPRegen  0.09/turn              (no ring)
MPRegen  0.09/turn              (no ring)

@: no status effects
A: negative energy resistance 1, electricity resistance, unbreathing,
petrification resistance, rot immunity, AC +3
a: no special abilities


You were on level 2 of the Dungeon.
You were not hungry.

You visited 1 branch of the dungeon, and saw 2 of its levels.

You collected 58 gold pieces.

Inventory:

Hand Weapons
 a - a +0 flail (weapon)
Armour
 b - a +0 scale mail (worn)
 c - a +0 shield (worn)
 k - a +0 helmet
 m - a +0 helmet (worn)
Scrolls
 e - a scroll of immolation {unknown}
 g - a scroll of random uselessness {unknown}
 i - a scroll of teleportation {unknown}
 n - a scroll of fog {unknown}
Potions
 d - a potion of might
 h - a potion of magic {unknown}
 j - 2 potions of curing {unknown}
 l - a potion of brilliance {unknown}
 o - a potion of heal wounds {unknown}
Comestibles
 f - 3 rations


   Skills:
 + Level 4.0 Fighting
 + Level 2.8 Maces & Flails
 + Level 4.0 Armour
 + Level 4.0 Shields


You had 3 spell levels left.
You didn't know any spells.
Your spell library was empty.

Dungeon Overview and Level Annotations

Branches:
Dungeon (2/15)

Altars:

Annotations:
D:2 Sigmund


Innate Abilities, Weirdness & Mutations

You are resistant to torment.
Your stone body is resilient. (AC +3)
You are immune to poison.
You resist negative energy. (rN+)
You are resistant to electric shocks. (rElec)
You can survive without breathing.
You are immune to petrification.
You are immune to rotting.


Message History

Sigmund is heavily wounded.
Sigmund hits you with a +0 scythe.
Your shield and scale mail prevent you from hitting Sigmund.
Sigmund is heavily wounded.
Sigmund barely misses you.
You hit Sigmund but do no damage.
Sigmund is heavily wounded.
Sigmund says, "Now you see me, now you don't..."
Sigmund barely misses you.
You hit Sigmund.
Sigmund is severely wounded.
Sigmund hits you with a +0 scythe.
* * * LOW HITPOINT WARNING * * *
You barely miss Sigmund.
Sigmund is severely wounded.
You block Sigmund's attack.
You closely miss Sigmund.
Sigmund is severely wounded.
Sigmund hits you with a +0 scythe!
You die...

........................
..........###.#######...
##...########.##### #...
#.......# #... #.#.###.#
##### #... #.#.###.#
#...# # .... #
#..##.#### #...#.###
.##.#
##<......###...#....
#..@@............##
........................
...###..).............#
. #.......###...####
#[......# #...#
#.......# #..##
######### ##.# .# .#


You could see Sigmund.

Vanquished Creatures
  A quasit (D:2)
  An adder (D:2)
  4 dart slugs
  A leopard gecko (D:1)
  A ball python (D:1)
  6 bats
  2 giant cockroaches (D:1)
  4 goblins
  2 hobgoblins (D:1)
  2 jackals (D:1)
  5 kobolds
  4 frilled lizards (D:1)
  3 rats (D:1)
36 creatures vanquished.

Notes
Turn   | Place    | Note
-------+----------+-------------------------------------------
     0 | D:1      | Minkie the Gargoyle Fighter began the quest for the Orb.
     0 | D:1      | Reached XP level 1. HP: 14/14 MP: 1/1
    76 | D:1      | Reached XP level 2. HP: 16/19 MP: 2/2
   277 | D:1      | Reached XP level 3. HP: 23/23 MP: 3/3
   714 | D:2      | Reached XP level 4. HP: 16/29 MP: 4/4
   969 | D:2      | Noticed Sigmund
  1196 | D:2      | Slain by Sigmund

Levels and vault maps discovered:
D:1:      nicolae_arrival_washed_ashore, layout_rooms, serial_corexii_hall,
          chequers_hall_statues_wall_a, corexii_hall_statues_deadend,
          roderic_malta_cross
D:2:      layout_loops_cross, marbit_many_paths, uniq_jessica, uniq_sigmund

Skill      XL: |  1  2  3  4 |
---------------+-------------+-----
Fighting       | 4 |  4.0
Armour         | 4 |  4.0
Shields        | 4 |  4.0
Maces & Flails | |  2.8

Action                   |  1- 3 |  4- 6 || total
-------------------------+-------+-------++-------
Melee: Flail             |   115 |    55 ||   170
  Eat: Ration            |       |     1 ||     1
Armor: Scale mail        |   110 |    35 ||   145
Dodge: Dodged            |    61 |    31 ||    92
Block: Shield            |    81 |    37 ||   118

Table legend:
 A = Non-vault XP
 B = Vault XP
 C = Vault XP percentage of total XP
 D = Non-vault monster count
 E = Vault monster count
 F = Vault count percentage of total count
                 A         B        C        D         E       F
            +---------+---------+-------+---------+---------+-------
      Total |     124 |       0 |   0.0 |      36 |       0 |   0.0
            +---------+---------+-------+---------+---------+-------
        D:1 |      54 |       0 |   0.0 |      29 |       0 |   0.0
        D:2 |      70 |       0 |   0.0 |       7 |       0 |   0.0
            +---------+---------+-------+---------+---------+-------
